 Dungeon Crawl Stone Soup version 0.32-a0-35-gd9ff480968 (webtiles) character file.

Game seed: 3130390498483609341

6 PriceMaster the Conjurer (level 1, -1/11 HPs)
             Began as an Octopode Conjurer on Jan 23, 2024.
             Slain by a kobold
             ... wielding a +1 short sword of speed
              (4 damage)
             ... on level 1 of the Dungeon.
             The game lasted 00:00:26 (157 turns).

PriceMaster the Conjurer (Octopode Conjurer)         Turns: 157, Time: 00:00:26

Health: -1/11      AC:  1    Str:  6    XL:     1   Next: 90%
Magic:  0/3        EV: 13    Int: 20    God:
Gold:   0          SH:  0    Dex: 10    Spells: 3/4 levels left

rFire   . . .        (no weapon)
rCold   . . .        (no shield)
rNeg    . . .        (helmet restricted)
rPois   .            (no amulet)
rElec   .            (no ring)
rCorr   .            (no ring)
SInv    .            (no ring)
Will    .....        (no ring)
Stlth   +++          (no ring)
HPRegen 0.21/turn    (no ring)
MPRegen 0.08/turn    (no ring)
                     (no ring)

%: no passive effects
@: very slightly contaminated
A: almost no armour, amphibious, 8 rings, camouflage 1, gelatinous body 1,
(nimble swimmer 1), tentacles
a: no special abilities


You were on level 1 of the Dungeon.
You visited 1 branch of the dungeon, and saw 1 of its levels.

Inventory:

Missiles
 b - 2 throwing nets


   Skills:
 + Level 2.0 Dodging
 + Level 2.7 Stealth
 + Level 2.1 Spellcasting
 + Level 4.2 Conjurations


You had 3 spell levels left.
You knew the following spells:

 Your Spells              Type           Power      Damage    Failure   Level
a - Magic Dart            Conj           76%        1d6       2%          1

Your spell library contained the following spells:

 Spells                   Type           Power      Damage    Failure   Level
 Searing Ray              Conj           38%        2d5       4%          2
 Fulminant Prism          Conj/Alch      5%         3d7       54%         4
 Iskenderun's Mystic Bla  Conj/Tloc      10%        2d4       54%         4


Dungeon Overview and Level Annotations

Branches:
Dungeon (1/15)

Altars:


Innate Abilities, Weirdness & Mutations

You cannot wear most types of armour.
You are amphibious.
You can wear up to eight rings at the same time.
Your skin changes colour to match your surroundings (Stealth+).
Your rubbery body absorbs attacks. (AC +1, EV +1)
((You are camouflaged when in or above water. (Stealth+)))
You have tentacles for arms and can constrict up to eight enemies at once.


Message History

The giant cockroach bites you but does no damage.
You tentacle-slap the giant cockroach but do no damage.
The giant cockroach is moderately wounded.
You constrict the giant cockroach. The giant cockroach bites you. x2
You tentacle-slap the giant cockroach but do no damage.
The giant cockroach is severely wounded.
You constrict the giant cockroach.
You kill the giant cockroach!
The kobold throws a stone.
The stone misses you.
You see here a giant cockroach corpse.
Okay, then.
Aiming: Magic Dart (safe; 2% risk of failure)
Press: ? - help, Q - select action, (/) - cycle Shift-Dir - straight line, f - kobold
Aim: a kobold, wielding a +1 short sword of speed and quivering stones (100% to hit)
The magic dart hits the kobold but does no damage.
You don't have enough magic to cast this spell.
Magic courses through your body. The quokka bites you.
* * * LOW HITPOINT WARNING * * *
The kobold hits you but does no damage.
Aiming: Magic Dart (safe; 2% risk of failure)
Press: ? - help, Q - select action, (/) - cycle Shift-Dir - straight line, f/p - kobold
Aim: a kobold, wielding a +1 short sword of speed and quivering stones (100% to hit)
The magic dart hits the kobold but does no damage.
The quokka barely misses you. The kobold misses you.
The quokka closely misses you.
Aiming: Magic Dart (safe; 2% risk of failure)
Press: ? - help, Q - select action, (/) - cycle Shift-Dir - straight line, f/p - kobold
Aim: a kobold, wielding a +1 short sword of speed and quivering stones (100% to hit)
You miscast Magic Dart.
You are very lightly contaminated with residual magic.
Nothing appears to happen.
The kobold barely misses you. The quokka completely misses you.
The kobold misses you.
Aiming: Magic Dart (safe; 2% risk of failure)
Press: ? - help, Q - select action, (/) - cycle Shift-Dir - straight line, f/p - kobold
Aim: a kobold, wielding a +1 short sword of speed and quivering stones (100% to hit)
The magic dart hits the kobold but does no damage.
The quokka barely misses you.
The kobold hits you with a +1 short sword of speed.
You die...

.......## .##
#........## ...
#.........# ....
#.........## # .....
##..........##+###
.....##..............#..
..................#....#
......r..........###'###
.......@.........# ##.##
.?.....K........## #..#
......†........## ##..
.............### ##.
.....†....######## ##.
........####≈≈##≈#####..
........# #≈##≈≈≈≈≈..)P#
..#....## ######≈≈~.####
#.... ###≈≈#


You could see a quokka and a kobold.

Vanquished Creatures
  A dart slug (D:1)
  2 giant cockroaches (D:1)
  A rat (D:1)
4 creatures vanquished.

Notes
Turn   | Place    | Note
-------+----------+-------------------------------------------
     0 | D:1      | PriceMaster the Octopode Conjurer began the quest for the
                  | Orb.
     0 | D:1      | Reached XP level 1. HP: 11/11 MP: 3/3
   157 | D:1      | Slain by a kobold

Illustrated notes

Levels and vault maps discovered:
D:1:      dpeg_cavernosity, layout_basic

Action                     || total
---------------------------++-------
  Melee: Unarmed           ||     7
         Constrict         ||     1
         Tentacles         ||     1
   Cast: Magic Dart        ||    10
    Use: Potion            ||     1
 Armour: Skin              ||    10
  Dodge: Dodged            ||    12

Table legend: (Time is in decaauts)
 A = Elapsed time spent in this place.
 B = Non-inter-level travel time spent in this place.
 C = Inter-level travel time spent in this place.
 D = Time resting spent in this place.
 E = Time spent auto-exploring this place.
 F = Levels seen in this place.
 G = Mean time per level.
                   A        B        C        D        E       F      G
               +--------+--------+--------+--------+--------+-----+--------+
         Total |    157 |    157 |      0 |      0 |    132 |   1 |  157.0 |
       Dungeon |    157 |    157 |      0 |      0 |    132 |   1 |  157.0 |
               +--------+--------+--------+--------+--------+-----+--------+

Top non-repeatable levels by time:
     D:1: 157 daAuts
